 Dungeon Crawl Stone Soup version 0.16-a0-44-gd96af6c (webtiles) character file.

1878 PolkaDot the Jinx (level 8, 0/52 HPs)
             Began as a Vampire Enchanter on Aug 5, 2014.
             Was an Initiate of Sif Muna.
             Killed from afar by an electric eel (14 damage)
             ... with a bolt of electricity
             ... on Level 7 of the Dungeon.
             The game lasted 00:28:39 (7499 turns).

PolkaDot the Jinx (Vampire Enchanter)               Turns: 7499, Time: 00:28:39

HP   0/52        AC  6     Str  7      XL: 8   Next: 91%
MP   4/14        EV 10     Int 19      God: Sif Muna [......]
Gold 365         SH 10     Dex 14      Spells:  4 memorised,  2 levels left

rFire  + . .     SeeInvis +     u - +2 dagger (drain)
rCold  + + +     Clarity  .     b - +1 robe
rNeg   + + +     rCorr    .     k - +2 shield {rC+ rF+}
rPois  +         rRot     +     (no helmet)
rElec  .         Spirit   .     x - +1 cloak
SustAb .         Warding  .     (no gloves)
rMut   .         Stasis   .     p - +0 pair of boots
Gourm  .                        (no amulet)
MR     .....                    (no ring)
                                a - ring of regeneration

@: bloodless, non-regenerating, not resistant to hostile enchantments, very
stealthy
A: bottle blood, fangs 3, see invisible, unbreathing
a: Bat Form, Bottle Blood, Renounce Religion


You were on level 7 of the Dungeon.
You worshipped Sif Muna.
Sif Muna was noncommittal.
You were bloodless.

You visited 2 branches of the dungeon, and saw 8 of its levels.
You also visited: Ossuary.

You collected 365 gold pieces.

Inventory:

Hand weapons
 u - a +2 dagger of draining (weapon)
Armour
 b - a +1 robe (worn)
 k - a +2 shield of resistance (worn)
 p - a +0 pair of boots (worn)
 x - a +1 cloak (worn)
Scrolls
 d - a scroll of blinking
 e - a scroll of magic mapping
 f - 3 scrolls of remove curse
 h - a scroll of teleportation
 i - a scroll of brand weapon {unknown}
 l - a scroll of enchant armour {unknown}
 m - 2 scrolls of identify
 q - 4 scrolls of immolation
Jewellery
 a - a ring of regeneration (left hand)
Potions
 j - a potion of flight
 n - 2 potions of heal wounds
 s - a potion of brilliance
Books
 c - a book of Maledictions

   Spells                             Type                      Level
   *Corona                            Hexes                        1
   Sure Blade                         Hexes/Charms                 2
   *Ensorcelled Hibernation           Hexes/Ice                    2
   *Confuse                           Hexes                        3
   Dazzling Spray                     Conjuration/Hexes            3
   *Enslavement                       Hexes                        4
 o - a book of the Warp

   Spells                             Type                      Level
   Control Teleport                   Charms/Translocation         4
   Phase Shift                        Translocation                5
   Warp Weapon                        Charms/Translocation         5
   Dispersal                          Translocation                6
   Controlled Blink                   Translocation                7
   Disjunction                        Translocation                8
 w - a book of Unlife

   Spells                             Type                      Level
   Recall                             Summoning/Translocation      3
   Animate Dead                       Necromancy                   4
   Control Undead                     Necromancy                   4
   Twisted Resurrection               Necromancy                   5
   Death Channel                      Necromancy                   6
   Simulacrum                         Ice/Necromancy               6


   Skills:
 - Level 4.6 Short Blades
 - Level 2.1 Dodging
 + Level 10.2 Stealth
 * Level 3.1 Shields
 - Level 2.6 Spellcasting
 + Level 11.5 Hexes
 - Level 1.5 Ice Magic


You had 2 spell levels left.
You knew the following spells:

 Your Spells              Type           Power        Failure   Level  Hunger
a - Corona                Hex            #####..      1%          1    None
c - Confuse               Hex            #####...     1%          3    ###....
d - Ensorcelled Hibernat  Hex/Ice        ####..       8%          2    ##.....
e - Enslavement           Hex            #####...     6%          4    ####...


Dungeon Overview and Level Annotations

Branches:
Dungeon (7/15)             Temple (1/1) D:6

Altars:
Cheibriados
Dithmenos
Elyvilon
Fedhas
Kikubaaqudgha
Makhleb
Nemelex Xobeh
Okawaru
Qazlal
Sif Muna
Vehumet
Xom
Yredelemnul
The Shining One

Shops:
D:7 =

Annotations:
D:4 Zuul's ghost, average DsGl


Innate Abilities, Weirdness & Mutations

You do not heal naturally.
You can bottle blood from corpses.
You have razor-sharp teeth.
You have supernaturally acute eyesight.
You can survive without breathing.


Message History

The bolt of electricity hits the goblin.
The goblin dies!
The bolt of electricity hits the shadow imp.
The bolt of electricity hits the plant.
Your electric eel shoots out a bolt of electricity!
The bolt of electricity hits the shadow imp.
The shadow imp dies!
The bolt of electricity hits the plant.
What do you say? t - Shout!
Orders for allies: a - Attack new target. p - Attack previous target. r - Retreat! s - Stop attacking. w - Wait here. f - Follow me.
Anything else - Stay silent.
Follow me!
Really attack your electric eel?
You miss your electric eel.
The electric eel is no longer charmed.
The electric eel shoots out a bolt of electricity!
The bolt of electricity hits you!
You die...

#. ##. #. #.# ..
####.#####.##..
.........##.#..#
...P.P...##.#..#
..♣≈≈≈.........#
#..≈≈≈≈≈P.......#♣
#..≈≈.≈≈.........♣♣ ≈
#.≈≈≈≈≈P@......##≈♣≈≈.
#.≈≈≈≈%;P.........≈♣
.≈.≈≈.≈..........#♣
♣.≈≈≈≈≈.#......###
P≈.≈≈≈≈P#....#.#
≈.P≈.≈##...##.###.
.≈≈P......##.....♣≈
♣P..........####≈≈≈
.................P≈≈


You could see an electric eel.

Vanquished Creatures
  2 electric eels (D:7)
  2 ogres
  An ice beast (D:7)
  A black bear (D:6)
  2 centaurs
  Duvessa (D:7)
  2 giant frogs (D:6)
  An elf zombie (D:4)
  Blork the orc (D:7)
  A hippogriff zombie (D:5)
  A crimson imp (D:6)
  Dowan (D:7)
  2 orc priests (D:6)
  4 hounds
  Crazy Yiuf (D:3)
  5 orc wizards (D:6)
  A human zombie (D:4)
  An iguana (D:6)
  3 worker ants
  A big kobold zombie (D:6)
  An ogre zombie (D:5)
  3 gnolls (D:6)
  3 adders
  A giant mite (D:1)
  A worm (D:2)
  5 giant geckos
  2 oozes (D:3)
  16 orcs
  A ball python (D:3)
  10 bats
  4 giant cockroaches
  4 goblins (D:3)
  5 hobgoblins
  23 jackals
  3 quokkas
  5 giant newts
  2 gnoll zombies (Ossuary)
  A goblin zombie (Ossuary)
  A hobgoblin zombie (Ossuary)
  8 kobolds
  3 orc skeletons (D:4)
  An orc zombie (Ossuary)
  8 rats
  2 ballistomycetes (D:5)
147 creatures vanquished.

Vanquished Creatures (collateral kills)
  A phantom (D:7)
  An iguana (D:5)
  A human skeleton (D:4)
  A shadow imp (D:7)
  An orc (D:5)
  A goblin (D:7)
  A giant spore (D:5)
7 creatures vanquished.

Grand Total: 154 creatures vanquished

Notes
Turn   | Place    | Note
--------------------------------------------------------------
     0 | D:1      | PolkaDot, the Vampire Enchanter, began the quest for the Orb.
     0 | D:1      | Reached XP level 1. HP: 13/13 MP: 3/3
   554 | D:1      | Reached XP level 2. HP: 19/19 MP: 4/4
   578 | D:1      | Learned a level 2 spell: Ensorcelled Hibernation
   959 | D:2      | Reached skill level 1 in Ice Magic
  1107 | D:2      | Reached XP level 3. HP: 10/24 MP: 1/6
  2062 | D:2      | Found a blossoming altar of Fedhas.
  2498 | D:3      | Reached skill level 5 in Stealth
  2498 | D:3      | Reached XP level 4. HP: 30/30 MP: 7/7
  2504 | D:3      | Learned a level 4 spell: Enslavement
  2523 | D:3      | Noticed an ogre
  2538 | D:3      | Killed an ogre
  2538 | D:3      | Reached skill level 5 in Hexes
  2538 | D:3      | Reached XP level 5. HP: 12/35 MP: 0/9
  2966 | D:3      | Reached skill level 6 in Hexes
  3698 | D:3      | Noticed Crazy Yiuf
  3704 | D:3      | Killed Crazy Yiuf
  3776 | D:4      | Noticed Zuul's ghost (average DsGl)
  3868 | D:4      | Got a distressingly furry cloak
  3880 | D:4      | Identified the cursed -2 cloak of the Vestibule of Hell {Dex+3} (You found it on level 4 of the Dungeon)
  3951 | D:4      | Reached XP level 6. HP: 24/41 MP: 1/10
  3954 | D:4      | Found a sand-covered staircase.
  4023 | D:4      | Reached skill level 7 in Hexes
  4069 | Ossuary  | Entered an ossuary
  4106 | Ossuary  | HP: 1/41 [big kobold zombie (3)]
  4533 | D:5      | Entered Level 5 of the Dungeon
  5409 | D:6      | Learned a level 3 spell: Confuse
  5448 | D:5      | Reached XP level 7. HP: 40/46 MP: 7/13
  5588 | D:6      | Reached skill level 8 in Hexes
  5736 | D:5      | Reached skill level 9 in Hexes
  5927 | D:6      | Reached skill level 10 in Hexes
  5947 | D:6      | Reached XP level 8. HP: 26/52 MP: 1/14
  6209 | D:6      | Found a radiant altar of Vehumet.
  6236 | D:6      | Found a staircase to the Ecumenical Temple.
  6247 | Temple   | Entered the Ecumenical Temple
  6478 | Temple   | Became a worshipper of Sif Muna the Loreminder
  6986 | D:6      | Reached skill level 11 in Hexes
  7153 | D:7      | Reached skill level 1 in Shields
  7261 | D:7      | Found Eses' Jewellery Shoppe.
  7287 | D:7      | Noticed Dowan
  7289 | D:7      | Noticed Duvessa
  7299 | D:7      | Killed Duvessa
  7305 | D:7      | Killed Dowan
  7305 | D:7      | Reached skill level 10 in Stealth
  7317 | D:7      | Noticed Blork the orc
  7339 | D:7      | Killed Blork the orc
  7499 | D:7      | Killed from afar by an electric eel

Action                   |  1- 3 |  4- 6 |  7- 9 || total
-------------------------+-------+-------+-------++-------
Melee: Dagger            |    90 |   179 |   116 ||   385
 Cast: Corona            |     5 |       |     1 ||     6
       Ensorcelled Hiber |    15 |    39 |    55 ||   109
       Enslavement       |       |     8 |     2 ||    10
       Confuse           |       |     2 |     2 ||     4
  Use: Scroll            |       |    13 |     2 ||    15
       Potion            |       |     4 |       ||     4
 Stab: Sleeping          |    18 |    35 |    35 ||    88
       Distracted        |     1 |       |     4 ||     5
       Confused          |       |     4 |     2 ||     6
       Betrayed ally     |       |       |     1 ||     1
